[Event "Masters Tournament (MTO)"]
[Site "Biel, Switzerland"]
[Date "2026.07.15"]
[Round "3.23"]
[White "Morrison, Joseph"]
[Black "Hasenohr, Benedict"]
[Result "0-1"]
[TimeControl "100+30+30sec/move"]
[WhiteTitle "-"]
[BlackTitle "-"]
[WhiteFideId "479535"]
[BlackFideId "1303309"]
[WhiteElo "2048"]
[BlackElo "2247"]

1. Nf3 d5 2. g3 c6 3. Bg2 Bf5 4. O-O e6 5. c4 Nd7 6. d4 h6 7. b3 Ngf6 8. Bb2 Be7 9. Nbd2 O-O 10.
Ne5 a5 11. a3 Qb6 12. e3 Rfd8 13. Nxd7 Rxd7 14. Re1 Ne4 15. c5 Qd8 16. Nxe4 Bxe4 17. f3 Bg6 18. b4 b6 19. Bc3 Rb7 20.
Bf1 bxc5 21. bxc5 Qb8 22. Qd2 Bd8 23. Bd3 Bxd3 24. Qxd3 Rb3 25. a4 Qb4 26. Rec1 Rb8 27. Qc2 Qc4 28.
Qd2 Bc7 29. Bxa5 Bxa5 30. Qxa5 Qe2 31. Qe1 Qxf3 32. Rc3 Rb2 33. Qf1 Qh5 34. h3 e5 35. a5 Qg5 36. Qe1 Qf5 37. Qf1 Qe4 38.
Rd1 Rb1 39. Rcd3 Rxd1 40. Qxd1 Rb2 41. Qf1 Ra2 42. dxe5 Qxe5 43. Qf3 Ra1+ 44. Kf2 Qb2+ 45. Qe2 Qb1 46. Rd4 Ra2 47. Rd2 Qf5+ 48.
Kg2 Qe4+ 49. Kf2 Rxa5 50. Ra2 Qf5+ 51. Kg2 Rxc5 52. Qb2 Qe4+ 53. Kf2 d4 54. exd4 Rf5+ 55. Kg1 Rb5 56. Qg2 Qxd4+ 57. Kh2 Qd5 58. Qe2 f5 59. Rc2 Rb1 60. Qe8+ Kh7 61. Rg2 Qd1 0-1

[Event "Masters Tournament (MTO)"]
[Site "Biel, Switzerland"]
[Date "2026.07.15"]
[Round "3.24"]
[White "Matsumura, Cocoro"]
[Black "Gerrits, Augustin"]
[Result "1-0"]
[TimeControl "100+30+30sec/move"]
[WhiteTitle "-"]
[BlackTitle "-"]
[WhiteFideId "36087114"]
[BlackFideId "285358"]
[WhiteElo "2225"]
[BlackElo "2072"]

1. e4 e5 2. Nf3 Nc6 3. Bb5 a6 4.
Ba4 Nf6 5. O-O Be7 6. Re1 b5 7. Bb3 d6 8. c3 O-O 9. h3 Nb8 10. d4 Nbd7 11. c4 c6 12. Nc3 b4 13. Na4 c5 14.
d5 Re8 15. g3 Nf8 16. Kg2 Ng6 17. Bc2 h6 18. b3 Nh7 19. Be3 Bd7 20. Rh1 Rb8 21. Nb2 Qc8 22. a3 a5 23. axb4 axb4 24.
Ra7 Ra8 25. Qa1 Rxa7 26. Qxa7 f5 27. Na4 Bxa4 28. bxa4 f4 29. Bd2 Ng5 30. g4 Nxf3 31. Kxf3 Nh4+ 32. Ke2 f3+ 33. Kd3 Bg5 34.
Bxg5 hxg5 35. a5 Ng6 36. Ba4 Nf4+ 37. Kd2 Qb8 38. Qxb8 Rxb8 39. Bc6 1-0

[Event "Masters Tournament (MTO)"]
[Site "Biel, Switzerland"]
[Date "2026.07.15"]
[Round "3.25"]
[White "Aryan, Mehta"]
[Black "Harish, Neeraj"]
[Result "1/2-1/2"]
[TimeControl "100+30+30sec/move"]
[WhiteTitle "-"]
[BlackTitle "-"]
[WhiteFideId "33329664"]
[BlackFideId "30958130"]
[WhiteElo "1979"]
[BlackElo "2201"]

1. d4 d5 2. c4 e6 3. Nc3 c6 4. cxd5 exd5 5. Nf3 Bd6 6. Bg5 Ne7 7. e3 h6 8. Bh4 Bf5 9. Bd3 Bxd3 10.
Qxd3 O-O 11. O-O Nd7 12. e4 dxe4 13. Nxe4 Nb6 14. Rfe1 Nbd5 15. Ne5 f6 16. Qh3 Nf4 17. Qb3+ Nfd5 18.
Qh3 Nf4 19. Qb3+ Nfd5 1/2-1/2

[Event "Masters Tournament (MTO)"]
[Site "Biel, Switzerland"]
[Date "2026.07.15"]
[Round "3.26"]
[White "Liu, Bei"]
[Black "Stefan, Iulia-Cristiana"]
[Result "1-0"]
[TimeControl "100+30+30sec/move"]
[WhiteTitle "-"]
[BlackTitle "-"]
[WhiteFideId "8603596"]
[BlackFideId "1273876"]
[WhiteElo "2175"]
[BlackElo "2053"]

1. d4 d5 2. c4 e6 3. Nc3 Nf6 4. cxd5 exd5 5. Bg5 Be7 6. e3 h6 7. Bh4 Bg4 8. Nf3 c6 9. Bd3 Nbd7 10.
O-O O-O 11. Qc2 Bxf3 12. gxf3 Rc8 13. Rad1 Re8 14. Bf5 b5 15. Kh1 Qc7 16. Rg1 Kh8 17. Ne2 Ne4 18. Bg3 Nxg3+ 19. Nxg3 Qd6 20.
e4 Rcd8 21. e5 Qc7 22. f4 c5 23. Qe2 g6 24. Bd3 a6 25. f5 Nf8 26. f4 cxd4 27. fxg6 fxg6 28. Bxg6 Nxg6 29. Qh5 Bf8 30.
Qxg6 Qh7 31. Qxa6 h5 32. Qf6+ Bg7 33. Qf5 h4 34. Qxh7+ Kxh7 35. Nf5 Bh6 36. Rg4 Rf8 37. Nxd4 Ra8 38. Ne6 Rfe8 39. Nc7 Rg8 40. Rxh4 Rxa2 41. Nxd5 Rg6 42. Ne7 Re6 43. Nf5 Rxb2 44. Nxh6 b4 45. Rd7+ 1-0

[Event "Masters Tournament (MTO)"]
[Site "Biel, Switzerland"]
[Date "2026.07.15"]
[Round "3.27"]
[White "Heitmann, Erik"]
[Black "Kudryavtsev, Eugene"]
[Result "0-1"]
[TimeControl "100+30+30sec/move"]
[WhiteTitle "-"]
[BlackTitle "-"]
[WhiteFideId "34608940"]
[BlackFideId "1315374"]
[WhiteElo "1949"]
[BlackElo "2146"]

1. d4 d5 2. c4 c6 3. e3 Bf5 4. Nc3 e6 5. Nf3 Nd7 6. Be2 h6 7. Qb3 Qb6 8. c5 Qc7 9. Bd2 Ngf6 10.
h3 Be7 11. Na4 Ne4 12. Bb4 Bh7 13. Nc3 f5 14. Bd3 O-O 15. Ne2 g5 16. Nd2 Bg6 17. Bc3 Rf7 18. Nf1 e5 19. f3 Nxc3 20.
Qxc3 exd4 21. exd4 b6 22. cxb6 Qxb6 23. Ne3 Bb4 0-1

[Event "Masters Tournament (MTO)"]
[Site "Biel, Switzerland"]
[Date "2026.07.15"]
[Round "3.28"]
[White "Vihaan, Dumir"]
[Black "Al Ibrahim, Abdulrahman"]
[Result "0-1"]
[TimeControl "100+30+30sec/move"]
[WhiteTitle "-"]
[BlackTitle "-"]
[WhiteFideId "25901010"]
[BlackFideId "10300503"]
[WhiteElo "2132"]
[BlackElo "2016"]

1. e4 c6 2. d4 d5 3. e5 c5 4. dxc5 e6 5. Be3 Nd7 6. Bb5 Ne7 7. c3 a6 8. Ba4 Nc6 9. b4 Ndxe5 10. f4 Nc4 11. Bd4 Bd7 12. Bxc6 Bxc6 13. Nf3 Be7 14. O-O O-O 15. a4 b6 16. cxb6 Nxb6 17. Ne5 Be8 18. Qg4 g6 19.
a5 Nc4 20. Nxc4 dxc4 21. Nd2 Bf6 22. Bxf6 Qxf6 23. Ne4 Qg7 24. Qh4 f6 25. Nc5 Bd7 26. Rad1 Bc8 27. Rfe1 Qe7 28. f5 gxf5 29.
Qxc4 Re8 30. Rd3 Kh8 31. Ree3 Ra7 32. Qd4 e5 33. Qd6 Qf7 34. Qb6 f4 35. Re1 Rae7 36. Rd6 f5 37. Rd8 f3 38.
Rxe8+ Rxe8 39. Qc6 e4 40. g3 Be6 41. Qd6 Bc4 42. Qd4+ Kg8 43. Kf2 Bb5 44. Qd2 Be2 45. Qg5+ Kh8 46.
Qe3 Qc4 47. Rxe2 fxe2 48. Qd4+ Qxd4+ 49. cxd4 Ra8 50. Kxe2 Kg7 51. d5 Kf6 52. Ke3 Ke5 53. Nd7+ Kd6 54. Nb6 Re8 55. g4 fxg4 56.
Kd4 h5 57. Nc4+ Kc7 58. Ne3 Rb8 59. Nc2 Kd6 60. Kxe4 h4 61. Kf4 g3 62. Kf3 Rf8+ 0-1

[Event "Masters Tournament (MTO)"]
[Site "Biel, Switzerland"]
[Date "2026.07.15"]
[Round "3.29"]
[White "Jelicic, Hugo"]
[Black "Dai, Wenzhi"]
[Result "0-1"]
[TimeControl "100+30+30sec/move"]
[WhiteTitle "-"]
[BlackTitle "-"]
[WhiteFideId "1349040"]
[BlackFideId "8608369"]
[WhiteElo "1907"]
[BlackElo "2126"]

1. d4 Nf6 2. c4 e6 3. Nf3 b6 4. g3 Ba6 5. b3 Bb7 6. Bg2 Bb4+ 7. Bd2 a5 8. O-O O-O 9. a3 Be7 10.
Nc3 d5 11. Bf4 Nh5 12. Bc1 Nf6 13. Bf4 Nbd7 14. cxd5 Nxd5 15.
Nxd5 exd5 16. Qd2 c5 17. Ne5 a4 18. b4 Nxe5 19. dxe5 Qd7 20. Rfd1 Rfd8 21. bxc5 bxc5 22. Qb2 Bc6 23.
Bxd5 Bxd5 24. e4 Qb7 0-1

[Event "Masters Tournament (MTO)"]
[Site "Biel, Switzerland"]
[Date "2026.07.15"]
[Round "3.30"]
[White "Fogo Esquivel, Levi Kalani Alexander"]
[Black "Tan, Jimmy"]
[Result "1/2-1/2"]
[TimeControl "100+30+30sec/move"]
[WhiteTitle "-"]
[BlackTitle "-"]
[WhiteFideId "5183189"]
[BlackFideId "129057499"]
[WhiteElo "2125"]
[BlackElo "1953"]

1. e4 c6 2. Nc3 d5 3. Nf3 dxe4 4. Nxe4 Nf6 5. Qe2 Nxe4 6. Qxe4 Be6 7. b3 Nd7 8. Bb2 Nf6 9. Qe3 Nd5 10.
Qe4 Nf6 11. Qe3 Nd5 12. Qd3 Nb4 13. Qe4 a5 14. c4 Bd7 15. a3 Na6 16. Be2 Qb6 17. Bd4 c5 18. Bc3 Bc6 19. Qc2 f6 20.
d4 cxd4 21. Nxd4 O-O-O 22. Nxc6 Qxc6 23. O-O Nc7 24. b4 e5 25. Rfd1 Be7 26. Rxd8+ Rxd8 27. Qxh7 Ne6 28. Rc1 Kb8 29.
Bf3 Qa4 30. Qe4 Rd7 31. Qe3 Nd4 32. Bd1 Qc6 33. c5 Bd8 34. Bg4 Rd5 35. h3 f5 36. Bh5 g6 37. Be2 Bg5 38. Qxg5 Nxe2+ 39. Kh2 Nxc1 40. Qxc1 f4 1/2-1/2

[Event "Masters Tournament (MTO)"]
[Site "Biel, Switzerland"]
[Date "2026.07.15"]
[Round "3.31"]
[White "Corbat, Philippe"]
[Black "Xu, Chang(Cq)"]
[Result "0-1"]
[TimeControl "100+30+30sec/move"]
[WhiteTitle "-"]
[BlackTitle "-"]
[WhiteFideId "1304496"]
[BlackFideId "8641757"]
[WhiteElo "1893"]
[BlackElo "2125"]

1. e4 c5 2. a3 g6 3. h4 Nf6 4. Nc3 Nc6 5. Nd5 Nxe4 6. Qe2 f5 7. d3 Nd4 8. Qd1 Nf6 9. Nxf6+ exf6 10.
c3 Nc6 11. Nf3 d5 12. d4 c4 13. b4 Bd6 14. Bh6 Kf7 15. Qd2 Bd7 16. Bf4 Qc7 17. Bxd6 Qxd6 18. Qh6 Rae8+ 19. Kd2 a5 20.
h5 Qb8 21. Re1 Rxe1 22. Kxe1 g5 23. Nxg5+ fxg5 24. Qxg5 axb4 25. axb4 Qa8 26. Rh3 Qa1+ 27. Ke2 Qb2+ 28. Ke1 Re8+ 29.
Re3 Qxc3+ 0-1

[Event "Masters Tournament (MTO)"]
[Site "Biel, Switzerland"]
[Date "2026.07.15"]
[Round "3.32"]
[White "Angst, Oliver"]
[Black "Fattori Dittmar, Luca"]
[Result "1-0"]
[TimeControl "100+30+30sec/move"]
[WhiteTitle "-"]
[BlackTitle "-"]
[WhiteFideId "1334069"]
[BlackFideId "34678883"]
[WhiteElo "2121"]
[BlackElo "1840"]

1. e4 c5 2. Nf3 Nc6 3. d4 cxd4 4. Nxd4 g6 5. c4 Nf6 6. Nc3 d6 7. Be2 Nxd4 8. Qxd4 Bg7 9. Be3 O-O 10.
Qd2 a5 11. f3 a4 12. h4 Qa5 13. Nb5 Qxd2+ 14. Kxd2 Bd7 15. Nc3 Rfc8 16. Rhc1 Be6 17. Nb5 Nd7 18. Bd4 Ne5 19. b3 Bd7 20.
Ke3 Bh6+ 21. f4 Ng4+ 22. Bxg4 Bxg4 23. g3 Bd7 24. Kf3 axb3 25. axb3 Rxa1 26. Rxa1 Bxb5 27. cxb5 Bg7 28. Ke3 Bxd4+ 29. Kxd4 Rc5 30. b4 Rxb5 31. Kc4 Rb6 32. b5 e6 33. Kb4 d5 34. e5 f6 35. Kc5 Rxb5+ 36. Kxb5 fxe5 37. fxe5 Kg7 38.
Rf1 Kh6 39. g4 g5 40. Rf6+ 1-0

[Event "Masters Tournament (MTO)"]
[Site "Biel, Switzerland"]
[Date "2026.07.15"]
[Round "3.33"]
[White "Erne, Raphael"]
[Black "Von Burg, Carl Alexander"]
[Result "1/2-1/2"]
[TimeControl "100+30+30sec/move"]
[WhiteTitle "-"]
[BlackTitle "-"]
[WhiteFideId "1341928"]
[BlackFideId "1352458"]
[WhiteElo "2166"]
[BlackElo "1947"]

1. c4 c6 2. g3 d5 3. Nf3 Nf6 4. Bg2 dxc4 5. O-O Nbd7 6. Qc2 Nb6 7. a4 a5 8. Na3 g6 9. Nxc4 Nxc4 10.
Qxc4 Bg7 11. d3 O-O 12. Bd2 Be6 13. Qc2 Nd5 14. Bc3 Nb4 15. Qd2 Qb6 16. Bxg7 Kxg7 17. Ng5 Bd7 18. Qc3+ Kg8 19.
Ne4 Rad8 20. Rfd1 Bg4 21. Qd2 Qd4 22. Rac1 b6 23. Rc4 Qg7 24. Nf6+ Qxf6 25. Rxg4 Rd6 26. Rc4 c5 1/2-1/2

[Event "Masters Tournament (MTO)"]
[Site "Biel, Switzerland"]
[Date "2026.07.15"]
[Round "3.34"]
[White "Kunz, Andre"]
[Black "Scherler, Julius"]
[Result "1/2-1/2"]
[TimeControl "100+30+30sec/move"]
[WhiteTitle "-"]
[BlackTitle "-"]
[WhiteFideId "24623652"]
[BlackFideId "1337947"]
[WhiteElo "2116"]
[BlackElo "1941"]

1. e4 c6 2. d4 d5 3. Nd2 dxe4 4. Nxe4 Nf6 5. Nxf6+ exf6 6. Be3 Bd6 7. Bd3 Bf5 8. Ne2 O-O 9.
O-O Bg6 10. c4 Re8 11. Re1 Nd7 12. Bxg6 hxg6 13. Qb3 Qc7 14. g3 g5 15. Nc3 g6 16. Rad1 Kg7 17. c5 Bf8 18. Qc2 b6 19.
b4 a5 20. a3 axb4 21. axb4 bxc5 22. bxc5 Ra3 23. Ra1 Qa5 24. Qb2 Ra8 25. Rxa3 Qxa3 26. Rb1 Qa5 27. Qb4 Qd8 28. Qb7 Rc8 29. Ra1 Rc7 30. Qb4 Be7 31.
Ra6 Nf8 32. Qa4 Ne6 33. Qc4 Qd7 34. Na4 Ra7 35. Nb6 Qb7 36. Rxa7 Qxa7 37. Kg2 f5 38. d5 cxd5 39. Qxd5 Qc7 40.
Nd7 Bf6 41. c6 g4 42. Bb6 Qc8 43. h3 gxh3+ 44. Kxh3 f4 45. Kg2 fxg3 46. fxg3 Qa8 47. Be3 Nd8 48. Nxf6 Qxc6 49. Qxc6 Nxc6 50.
Bg5 Ne5 51. Kf2 Nd3+ 52. Ke3 Nc5 53. Ne4 Nd7 54. Kd4 f6 55. Bf4 g5 56. Bd2 Kg6 57. Kd5 f5 58. Nxg5 Nf6+ 59. Ke5 Nh5 60.
Nf3 Nxg3 61. Be1 Ne4 62. Nh4+ Kg5 63. Nxf5 Nc5 64. Bd2 Kg4 65. Nd6 Nd3+ 66. Ke4 Nc5+ 67. Kd5 Nd3 68. Nc4 Kf3 69.
Kd4 Ke2 70. Bg5 Nb4 71. Ne5 Nc2+ 72. Ke4 Nb4 73. Nf3 Nc2 74. Bh6 Kf2 75. Ne5 Ke2 76. Nd3 Kd1 77. Bg5 Ke2 78. Nc1+ Kd1 79.
Kd3 Ne1+ 80. Kc3 Nf3 81. Be3 Ne1 82. Bf4 Ng2 83. Bd2 Ne1 84. Bh6 Nf3 85. Nd3 Ke2 86. Nf4+ Ke3 87. Nd5 Ke4 88.
Kc4 Ne5+ 89. Kc5 Nd3+ 90. Kd6 Kd4 91. Bg7+ Ke4 92. Nc3+ Ke3 93. Kd5 Nf4+ 94. Kc4 Kf3 95. Be5 Ne6 96.
Kd3 Nf4+ 97. Kd2 Nd5 98. Nxd5 Ke4 99. Nc3+ Kxe5 1/2-1/2

[Event "Masters Tournament (MTO)"]
[Site "Biel, Switzerland"]
[Date "2026.07.15"]
[Round "3.35"]
[White "Carey, Michael"]
[Black "Lumsdon, Andrew"]
[Result "0-1"]
[TimeControl "100+30+30sec/move"]
[WhiteTitle "-"]
[BlackTitle "-"]
[WhiteFideId "30923760"]
[BlackFideId "1308840"]
[WhiteElo "1946"]
[BlackElo "2033"]

1. e4 d6 2. d4 g6 3. Nc3 Bg7 4. Be3 Nd7 5. Qd2 e5 6. Nge2 c6 7. f3 Qe7 8. h4 h5 9. O-O-O b5 10.
d5 c5 11. Nxb5 Nb6 12. Nec3 a6 13. Na3 Rb8 14. Nc4 Nxc4 15. Bxc4 Qb7 16. b3 Bd7 17. Qd3 Bb5 18. a4 Bxc4 19.
Qxc4 Ne7 20. Kd2 Nc8 21. a5 Qa8 22. Qa4+ Ke7 23. Ra1 Na7 24. Qc4 Nb5 25. Na4 Nc7 26. Nb6 Qb7 27. Ke2 Na8 28.
Bg5+ f6 29. Bd2 f5 30. Qd3 f4 31. Rhb1 Bf6 32. Nc4 Bxh4 33. b4 Qa7 34. Nb6 cxb4 35. Bxb4 Nxb6 36. axb6 Rxb6 37. Be1 Bxe1 38.
Rxe1 Rc8 39. Kf1 a5 40. Qd2 a4 41. g3 Rb2 42. Rec1 fxg3 43. Qg5+ Kf7 44. Qxg3 Rcxc2 45. Rxc2 Rxc2 46.
f4 Qd4 47. Re1 exf4 48. Qxf4+ Qf6 49. Qxf6+ Kxf6 0-1

[Event "Masters Tournament (MTO)"]
[Site "Biel, Switzerland"]
[Date "2026.07.15"]
[Round "3.36"]
[White "Aryan, Goyal"]
[Black "Hajduk, Tomasz"]
[Result "1-0"]
[TimeControl "100+30+30sec/move"]
[WhiteTitle "-"]
[BlackTitle "-"]
[WhiteFideId "366108825"]
[BlackFideId "21811415"]
[WhiteElo "2029"]
[BlackElo "1921"]

1. e4 c5 2. Nf3 d6 3. d4 cxd4 4. Nxd4 Nf6 5. Nc3 a6 6. f4 e5 7. Nb3 Nbd7 8. g4 b5 9. g5 b4 10.
Na4 Ng8 11. Qd5 Rb8 12. Bc4 Qe7 13. Na5 Qe6 14. Qxe6+ fxe6 15. Nc6 Ra8 16. Bxe6 a5 17. Bd5 Ra6 18. fxe5 Nxe5 19. Nxe5 dxe5 20.
Be3 Ne7 21. Bc4 Rd6 22. Bc5 Nc6 23. Bxd6 Bxd6 24. Nb6 Bg4 25. Bb5 Bd7 26. O-O-O Ke7 27. Nxd7 Kxd7 28. Rd5 Kc7 29. Bxc6 Kxc6 30.
Rhd1 Bc7 31. Rd7 g6 32. Rf7 Bd8 33. h4 h6 34. Rg7 hxg5 35. Rxg6+ Kc5 36. Rd5+ Kc4 37. Rc6# 1-0

[Event "Masters Tournament (MTO)"]
[Site "Biel, Switzerland"]
[Date "2026.07.15"]
[Round "3.37"]
[White "Stevens, Christian"]
[Black "Ruchat, Blaise"]
[Result "1-0"]
[TimeControl "100+30+30sec/move"]
[WhiteTitle "-"]
[BlackTitle "-"]
[WhiteFideId "649090"]
[BlackFideId "1328921"]
[WhiteElo "2014"]
[BlackElo "1912"]

1. Nf3 Nf6 2. g3 g6 3. Bg2 Bg7 4. c4 O-O 5. O-O d5 6. cxd5 Nxd5 7. Nc3 e5 8. Qb3 Nb6 9. d3 h6 10.
a4 Be6 11. Qc2 Nc6 12. a5 Nb4 13. Qd1 N6d5 14. Bd2 Na6 15. Nxd5 Bxd5 16. b4 c6 17. e4 Be6 18. Bc3 Bg4 19.
Qc2 Bxf3 20. Bxf3 Nc7 21. Be2 a6 22. Qb2 Re8 23. f4 Nb5 24. f5 Nxc3 25. Qxc3 Qd4+ 26. Qxd4 exd4 27. Bd1 g5 28.
Bb3 Bf8 29. Rab1 Re5 30. Bc4 g4 31. h3 gxh3 32. Kh2 Be7 33. Kxh3 Bg5 34. Rb2 Kg7 35. Rh1 Kf6 36. Kg4 Rg8 37.
Rbh2 Rh8 38. Kf3 Be3 39. Re2 Bg5 40. g4 Rhe8 41. Reh2 Kg7 42. Ke2 Rh8 43. Rh5 Rg8 44. Rf1 Kf6 45.
Kd1 Be3 46. Rh4 Ree8 47. Ke2 Bg5 48. Rh3 Re7 49. Rfh1 Ke5 50.
Kf3 Bd2 51. Rxh6 Bxh6 52. Rxh6 Rc7 53. Bxf7 1-0

[Event "Masters Tournament (MTO)"]
[Site "Biel, Switzerland"]
[Date "2026.07.15"]
[Round "3.38"]
[White "Berezovskii, Arina"]
[Black "Oestmann, Lukas"]
[Result "1/2-1/2"]
[TimeControl "100+30+30sec/move"]
[WhiteTitle "-"]
[BlackTitle "-"]
[WhiteFideId "34449850"]
[BlackFideId "1326457"]
[WhiteElo "1906"]
[BlackElo "1998"]

1. e4 c6 2. d4 d5 3. exd5 cxd5 4.
Bd3 Nc6 5. c3 Qc7 6. h3 Nf6 7. Nf3 g6 8. Qc2 Bg7 9. O-O O-O 10. Be3 Re8 11. Re1 e5 12. dxe5 Nxe5 13. Nxe5 Rxe5 14.
Nd2 Re8 15. Bd4 Be6 16. Nf3 Nh5 17. Qd2 a6 18. Bc2 Rac8 19. Bb3 Rcd8 20. Rad1 Nf6 21. Be5 Qd7 22. Qd4 Nh5 23. g4 f6 24.
Bh2 f5 25. Ne5 Bxe5 26. Rxe5 fxg4 27. hxg4 Nf6 28. f3 Bf7 29. Rxe8+ Nxe8 30. c4 Nc7 31. Qe5 Ne6 32. Rxd5 Qe7 33.
Rxd8+ Qxd8 34. c5 Ng5 35. Bxf7+ Nxf7 36. Qb8 Kg7 37. Qxd8 Nxd8 38. Kf2 Kf6 39. Ke3 Ke6 40. Ke4 Nc6 41.
Bg3 Ne7 42. Bh4 Nd5 43. f4 Nb4 44. a3 Nc6 45. f5+ gxf5+ 46. gxf5+ Kf7 47. Kd5 Ne7+ 48. Ke4 Nc6 49. b4 Ke8 50.
Be1 h5 51. a4 h4 52. b5 h3 53. Bg3 axb5 54. axb5 Na7 55. b6 Nc6 56. Kd5 Kd7 57. Bh2 Nb4+ 58. Kc4 Nc6 59. Kd5 Nb4+ 60.
Ke4 Ke7 61. Ke5 Nc6+ 62. Kf4 Kf6 63. Bg3 Ne5 64. Ke4 Nc6 65. Bh4+ Kf7 66. Bg3 Kf6 67. Bh2 Ke7 68. Bf4 Kf6 69.
Bg3 Ke7 70. Kd5 Kd7 71. f6 Nd8 72. Bh2 Nc6 73. f7 Ke7 74. f8=Q+ Kxf8 75. Kd6 Kf7 76. Kc7 Na5 77. Kd6 Kf6 78. Kc7 Kf5 79. c6 bxc6 80.
Kd6 Ke4 81. Kc5 Kd3 82. Bg3 Ke4 83. Bh2 Kf3 84. Be5 Kg2 85. Bf4 h2 86. Bxh2 Kxh2 87. b7 Nxb7+ 88. Kxc6 1/2-1/2

[Event "Masters Tournament (MTO)"]
[Site "Biel, Switzerland"]
[Date "2026.07.15"]
[Round "3.39"]
[White "Damen, Josephine"]
[Black "Vedant, Nayudu"]
[Result "1/2-1/2"]
[TimeControl "100+30+30sec/move"]
[WhiteTitle "-"]
[BlackTitle "-"]
[WhiteFideId "1074369"]
[BlackFideId "33369780"]
[WhiteElo "1971"]
[BlackElo "1797"]

1. e4 c6 2. d4 d5 3. exd5 cxd5 4. c4 Nf6 5. Nc3 Nc6 6. Nf3 a6 7. Be3 g6 8. Be2 dxc4 9. Bxc4 b5 10.
Be2 Bb7 11. O-O Bg7 12. Qd2 O-O 13. Rfd1 Rc8 14. Ng5 Qd7 15. Bf3 Nb4 16. Na4 bxa4 17. Qxb4 Bxf3 18. Nxf3 Nd5 19. Qd2 Qb5 20.
Rab1 Rc4 21. Bh6 Rfc8 22. Bxg7 Kxg7 23. Rdc1 Nb4 24. a3 Rxc1+ 25. Rxc1 Rxc1+ 26. Qxc1 Nd3 27. Qe3 e6 28. Ne5 Nxb2 29. Qf4 Qb7 30.
Ng4 Qe7 31. Qe5+ f6 32. Qf4 Nc4 33. Nxf6 Qxf6 34. Qc7+ Kg8 35. Qxc4 Qf5 36. h3 Qb1+ 37. Kh2 Qb3 38. Qc8+ Kg7 39.
Qc7+ Kf6 40. Qe5+ Kf7 41. Qc7+ Kg8 42. Qc8+ Kg7 43. Qxa6 1/2-1/2

[Event "Masters Tournament (MTO)"]
[Site "Biel, Switzerland"]
[Date "2026.07.15"]
[Round "3.40"]
[White "Bucher, Dominic"]
[Black "Joly, Fabrice"]
[Result "1-0"]
[TimeControl "100+30+30sec/move"]
[WhiteTitle "-"]
[BlackTitle "-"]
[WhiteFideId "1353144"]
[BlackFideId "612235"]
[WhiteElo "2078"]
[BlackElo "1907"]

1. e4 e5 2. Nf3 Nf6 3. d4 Nxe4 4. Bd3 d5 5. Nxe5 Nd7 6. O-O Nxe5 7. dxe5 Nc5 8. Be3 Nxd3 9. Qxd3 Be7 10.
Nc3 c6 11. f4 g6 12. Rae1 Bf5 13. Qe2 Qd7 14. h3 h5 15. Rd1 O-O 16. Kh2 Kg7 17. Qd2 Rfd8 18. Ne2 c5 19. c3 h4 20.
Ng1 Be4 21. Nf3 Qf5 22. Qf2 Rh8 23. Rd2 Rad8 24. Ng5 b6 25. Nxe4 Qxe4 26. Rfd1 Rd7 27. Re2 Qf5 28. b4 cxb4 29.
Bd4 Qe6 30. cxb4 Bxb4 31. Rc2 Bc5 32. Bxc5 bxc5 33. Rxc5 d4 34. Rxd4 Rxd4 35. Qxd4 Rb8 36. Rc7 a6 37. Rd7 Kg8 38.
a4 Qb6 39. Qd5 Rf8 40. Rd6 Qb1 41. Rxa6 Kg7 42. Ra7 Qb6 43. Rb7 Qf2 44. Qf3 Qxf3 45. gxf3 Kg8 46. Rb2 Ra8 47. Ra2 Ra5 48.
Kg2 Kf8 49. Kf2 Ke7 50. Ke3 f6 51. Kd4 Ke6 52. Kc4 fxe5 53. fxe5 Kxe5 54. Kb4 Ra8 55. Rg2 Kf5 56. a5 Rb8+ 57.
Kc5 Rb3 58. Rg4 g5 59. a6 Rxf3 60. a7 Rxh3 61. Rxg5 Kxg5 62. a8=Q Rg3 63. Kd4 Kg4 64. Qa1 h3 65. Qd1 Kh4 66.
Ke4 h2 67. Kf4 Rg1 68. Qd8 Kh3 69. Qd3+ 1-0

[Event "Masters Tournament (MTO)"]
[Site "Biel, Switzerland"]
[Date "2026.07.15"]
[Round "3.41"]
[White "Arndt, Uwe"]
[Black "Magnussen, Petur Gardar"]
[Result "1-0"]
[TimeControl "100+30+30sec/move"]
[WhiteTitle "-"]
[BlackTitle "-"]
[WhiteFideId "24647713"]
[BlackFideId "7203802"]
[WhiteElo "2005"]
[BlackElo "1957"]

1. d4 d5 2. c4 e6 3. Nf3 Nf6 4. g3 dxc4 5. Qa4+ Bd7 6. Qxc4 Bc6 7. Bg2 Nbd7 8. O-O Nb6 9. Qc2 Be4 10.
Qd1 c5 11. Nc3 Bc6 12. e3 Be7 13. b3 O-O 14. Bb2 Bxf3 15. Bxf3 cxd4 16. exd4 Nbd5 17. Rc1 Qa5 18. Qe2 Rac8 19.
Nxd5 Nxd5 20. a3 Bd6 21. Rc4 b5 22. b4 Qb6 23. Rcc1 a5 24. bxa5 Qxa5 25. Bxd5 exd5 26. Qf3 Qa8 27.
Rc3 Rxc3 28. Qxc3 Rc8 29. Qb3 Qb7 30. Rb1 Rc4 31. Bc1 Rxd4 32. Be3 Rc4 33. Qxb5 Qxb5 34. Rxb5 h6 35. Rxd5 Bxa3 36.
Rd8+ Kh7 37. h4 Rc7 38. Rd5 Bf8 39. h5 Rb7 40. Kg2 Be7 41. Kf3 Rc7 42. g4 f6 43. Ke4 Kg8 44. Kf5 Kf7 45.
Rb5 Rd7 46. f4 Rd3 47. Ke4 Rd7 48. Rb8 Rc7 49. Bd4 Rd7 50. Rc8 Bf8 51. Bb6 Rb7 52. Rc6 Rd7 53. Bc7 Be7 54. Rc4 Bf8 55.
Bb6 Rb7 56. Rc6 Rd7 57. Bd4 Be7 58. Be3 Rb7 59. Bd4 Rd7 60. Rb6 Rc7 61. Rb5 Rd7 62. Be3 Rc7 63. Kf5 Rd7 64. Ra5 Rc7 65.
Rd5 Rb7 66. Bf2 Rc7 67. Rb5 Rd7 68. Bg3 Rc7 69. g5 hxg5 70. fxg5 fxg5 71. Bxc7 1-0

[Event "Masters Tournament (MTO)"]
[Site "Biel, Switzerland"]
[Date "2026.07.15"]
[Round "3.42"]
[White "Petry, Martin"]
[Black "Simon, Ralf-Axel"]
[Result "1/2-1/2"]
[TimeControl "100+30+30sec/move"]
[WhiteTitle "-"]
[BlackTitle "-"]
[WhiteFideId "1352318"]
[BlackFideId "4603125"]
[WhiteElo "1999"]
[BlackElo "1935"]

1. Nf3 d5 2. g3 g6 3. Bg2 Bg7 4. c4 d4 5. d3 e5 6. O-O Ne7 7. b4 O-O 8. Qb3 c6 9. a4 a5 10.
Ba3 axb4 11. Bxb4 Na6 12. Ba3 Qc7 13. Bxe7 Qxe7 14. Nbd2 Rb8 15. h4 h6 16. Qb6 Qc7 17. Rfb1 Qxb6 18.
Rxb6 Nc5 19. Ne1 Ra8 20. a5 Ra7 21. Ne4 Nxe4 1/2-1/2

[Event "Masters Tournament (MTO)"]
[Site "Biel, Switzerland"]
[Date "2026.07.15"]
[Round "3.43"]
[White "Malli, Shiivesh Sunil"]
[Black "Yang, Sung-Jui"]
[Result "1/2-1/2"]
[TimeControl "100+30+30sec/move"]
[WhiteTitle "-"]
[BlackTitle "-"]
[WhiteFideId "1340409"]
[BlackFideId "16301048"]
[WhiteElo "1994"]
[BlackElo "1935"]

1. c4 e6 2. Nc3 d5 3. cxd5 exd5 4. d4 Nf6 5. Nf3 c6 6. Bf4 Be7 7. e3 Bf5 8. Bd3 Bxd3 9. Qxd3 O-O 10.
h3 Nbd7 11. O-O Re8 12. Nd2 a5 13. Rab1 h6 14. Qc2 b5 15. Qd3 Nb6 16. b3 a4 17. Rfc1 axb3 18. axb3 Bd6 19. Ne2 Qd7 20.
Bxd6 Qxd6 21. Qc2 Rec8 22. Nf4 Qb4 23. Nd3 Qd6 24. Nc5 Nbd7 25. Nd3 Ne4 26. Nxe4 dxe4 27. Nc5 Nxc5 28. Qxc5 Qe6 29.
Rc2 Rd8 30. Qxc6 Qxc6 31. Rxc6 Rd5 32. Rc5 Rxc5 33. dxc5 b4 34. c6 Kf8 35. Rc1 Rc8 36. Rc4 f5 37. Kh2 Ke7 38. Kg3 g5 39.
h4 Kd6 40. hxg5 hxg5 41. f3 exf3 42. Kxf3 Rxc6 43. Rxc6+ Kxc6 44. e4 g4+ 45. Kf4 fxe4 46. Kxe4 g3 47. Kd4 Kd6 1/2-1/2

[Event "Masters Tournament (MTO)"]
[Site "Biel, Switzerland"]
[Date "2026.07.15"]
[Round "3.44"]
[White "Hornung, Hans"]
[Black "Di Candia, Roberto"]
[Result "1/2-1/2"]
[TimeControl "100+30+30sec/move"]
[WhiteTitle "-"]
[BlackTitle "-"]
[WhiteFideId "4615140"]
[BlackFideId "856649"]
[WhiteElo "1924"]
[BlackElo "1988"]

1. c4 e6 2. Nc3 d5 3. d4 Nf6 4. cxd5 exd5 5. Bg5 Be7 6. e3 h6 7. Bh4 O-O 8. Bd3 c6 9. Nge2 Ne8 10.
Bg3 Nd6 11. Qc2 Re8 12. O-O Bf8 13. Rad1 a5 14. Nf4 Na6 15. a3 Nc7 16. e4 dxe4 17. Nxe4 Nf5 18. Bc4 Nd5 19. Nh5 Be6 20.
Nc5 Nxg3 21. Nxe6 Rxe6 22. hxg3 Rd6 23. Ba2 g6 24. Nf4 Nxf4 25. gxf4 Qf6 26. d5 Qxf4 27. dxc6 Rxc6 28. Qd2 Qf6 29.
Qd7 Rc2 30. Rd3 Rxb2 31. Bd5 Qe7 32. Qxe7 Bxe7 33. Rc1 Rd8 34. g3 b6 35. Rc7 Rxd5 36. Rxd5 Bc5 37. Rcxc5 1/2-1/2